 Seeded DCSS version 0.29.1-1-gd02db6906a (webtiles) character file.

Game seed: 17195112358176230577 (custom seed)

673 GigaChad the Fighter (level 7, 0/68 HPs)
             Began as a Minotaur Fighter on Sept 30, 2022.
             Splashed by a jelly's acid (2 damage)
             ... on level 6 of the Dungeon.
             The game lasted 00:06:10 (3277 turns).

GigaChad the Fighter (Minotaur Fighter)             Turns: 3277, Time: 00:06:10

Health: 0/68       AC:  6    Str: 22    XL:     7   Next: 33%
Magic:  6/6        EV:  7    Int:  5    God:
Gold:   218        SH:  4    Dex: 10    Spells: 6/6 levels left

rFire   . . .      SeeInvis .   m - +1 demon whip (venom)
rCold   . . .      Faith    .   c - +0 buckler
rNeg    . . .      Spirit   .   k - +3 chain mail
rPois   .          Reflect  .   (helmet restricted)
rElec   .          Harm     .   h - +0 cloak
rCorr   .          Rampage  .   (no gloves)
Will    .....                   (no boots)
Stlth   ..........              (no amulet)
HPRegen 0.21/turn               (no ring)
MPRegen 0.10/turn               (no ring)

@: corroded
A: horns 2, retaliatory headbutt
a: no special abilities


You were on level 6 of the Dungeon.
You visited 1 branch of the dungeon, and saw 6 of its levels.

You collected 218 gold pieces.

Inventory:

Hand Weapons
 a - a +0 long sword
 m - a +1 demon whip of venom (weapon)
 s - a +3 vorpal flail
 u - a +2 flail of distortion
Armour
 b - a +0 scale mail
 c - a +0 buckler (worn)
 h - a +0 cloak (worn)
 k - a +3 chain mail (worn)
 p - a +0 pair of gloves
Wands
 q - a wand of flame (29)
Scrolls
 e - 2 scrolls of poison {unknown}
 f - 3 scrolls of blinking
 i - a scroll of magic mapping {unknown}
 j - a scroll of vulnerability {unknown}
 l - 2 scrolls of immolation {unknown}
 r - a scroll of identify {unknown}
Potions
 d - a potion of might
 g - a potion of haste {unknown}
 n - 4 potions of curing {unknown}
 o - a potion of magic {unknown}
 t - a potion of flight {unknown}
 v - a potion of brilliance {unknown}


   Skills:
 - Level 8.1 Fighting
 - Level 2.4 Long Blades
 + Level 7.2 Armour
 - Level 3.7 Shields


You had 6 spell levels left.
You didn't know any spells.
Your spell library contained the following spells:

 Spells                   Type           Power      Damage    Failure   Level
 Blink                    Tloc           0%         N/A       100%        2
 Lesser Beckoning         Tloc           0%         N/A       100%        3
 Manifold Assault         Tloc           0%         N/A       100%        5


Dungeon Overview and Level Annotations

Branches:
Dungeon (6/15)
 Temple: D:4-7

Altars:
Wu Jian


Innate Abilities, Weirdness & Mutations

You have a pair of horns on your head.
You reflexively headbutt those who attack you in melee.


Message History

Found a scroll labelled VONYIS TACIA.
As you read the scroll of blinking, it crumbles to dust.
Aiming: Throw Flame
Press: ? - help, Shift-Dir - straight line, f - jelly
Aim: a jelly (translocational energy, heavily wounded, 100% to hit)
The puff of flame hits the orc!
You kill the orc!
The jelly jiggles.
An iguana comes into view.
The jelly attacks as you move away! The jelly closely misses you.
You are no longer corroded.
You see here a scroll labelled VONYIS TACIA.
The jelly hits you but does no damage. The orc attacks as you move away!
The orc hits you but does no damage. The jelly hits you. The acid corrodes you!
You are splashed with acid!
* * * LOW HITPOINT WARNING * * *
The orc completely misses you.
The jelly jiggles.
There is a stone staircase leading down here.
The orc hits you but does no damage. The jelly barely misses you.
You climb downwards.
Found 10 gold pieces and 6 stones.
There is a stone staircase leading up here.
You closely miss the orc. The orc hits you with a +0 war axe.
* * * LOW HITPOINT WARNING * * *
The jelly hits you but does no damage.
You hit the orc but do no damage.
The orc is poisoned.
You headbutt the orc.
The orc is heavily wounded.
The orc closely misses you. You furiously retaliate!
You headbutt the orc.
You kill the orc!
The jelly hits you.
* * * LOW HITPOINT WARNING * * *
You are splashed with acid!
* * * LOW HITPOINT WARNING * * *
The jelly barely misses you. The jelly barely misses you.
Things that are here:
a +0 war axe; an orc corpse You hit the jelly but do no damage.
The acid corrodes you!
Your hands burn!
You die...

### #<##
#@J#
..........#
........###
##.....##
.....##
..(.# .###


You could see a jelly.

Vanquished Creatures
  An ogre (D:5)
  A bullfrog (D:3)
  2 necrophages
  A howler monkey (D:5)
  A hound (D:5)
  2 orc priests
  An iguana (D:5)
  An orc wizard (D:3)
  8 adders
  A white imp (D:5)
  4 worms
  A dart slug (D:1)
  22 orcs
  8 ball pythons
  3 bats
  5 endoplasms
  16 giant cockroaches
  10 goblins
  9 hobgoblins
  4 jackals (D:5)
  2 quokkas
  A frilled lizard (D:1)
  6 kobolds
  3 rats
113 creatures vanquished.

Notes
Turn   | Place    | Note
-------+----------+-------------------------------------------
     0 | D:1      | GigaChad the Minotaur Fighter began the quest for the Orb.
     0 | D:1      | Reached XP level 1. HP: 19/19 MP: 0/0
   119 | D:1      | Reached skill level 4 in Fighting
   262 | D:1      | Reached XP level 2. HP: 26/27 MP: 1/1
   649 | D:1      | Reached XP level 3. HP: 35/35 MP: 2/2
   811 | D:2      | Reached skill level 5 in Fighting
  1065 | D:2      | Found a faded altar of an unknown god.
  1388 | D:2      | Reached XP level 4. HP: 44/44 MP: 3/3
  1459 | D:2      | Reached skill level 6 in Fighting
  1523 | D:3      | Noticed a bullfrog
  1529 | D:3      | Killed a bullfrog
  1530 | D:3      | Reached skill level 7 in Fighting
  1530 | D:3      | Reached XP level 5. HP: 41/52 MP: 4/4
  2476 | D:4      | Reached skill level 8 in Fighting
  2476 | D:4      | Reached XP level 6. HP: 44/61 MP: 5/5
  2816 | D:4      | Found an ornate altar of the Wu Jian Council.
  3013 | D:5      | Entered Level 5 of the Dungeon
  3043 | D:5      | Reached skill level 5 in Armour
  3234 | D:5      | Reached XP level 7. HP: 55/68 MP: 6/6
  3275 | D:6      | HP: 2/68 [acid (11)]
  3277 | D:6      | Splashed by a jelly's acid

Illustrated notes

Levels and vault maps discovered:
D:1:      giann_wishing_wells, layout_basic
D:2:      minmay_roachtagon, layout_basic, shapermc_ecumenical_altar_mp_vishouse
D:3:      kennysheep_big_flooded_room, layout_rooms, serial_forest,
          infiniplex_forest_clump_small, infiniplex_forest_end_3,
          infiniplex_forest_clump_tiny, infiniplex_forest_lined_1,
          infiniplex_forest_straight_4, infiniplex_forest_clump_tiny,
          infiniplex_forest_clump_cross, infiniplex_forest_clump_curved,
          infiniplex_forest_lined_3
D:4:      layout_gridville, nicolae_wu_jian_glorious_leap
D:5:      layout_cave_pools, minmay_temple_entry_butterflies
D:6:      layout_cave_pools, uniq_crazy_yiuf_cottage

Skill      XL: |  1  2  3  4  5  6  7 |
---------------+----------------------+-----
Fighting       | 4 5 7 8 |  8.1
Armour         | 6 7 |  7.2
Long Blades    | |  2.4
Shields        | |  3.7

Action                   |  1- 3 |  4- 6 |  7- 9 || total
-------------------------+-------+-------+-------++-------
Melee: Long sword        |    92 |    16 |       ||   108
       Headbutt          |    12 |    18 |     4 ||    34
       Demon whip        |       |   117 |    15 ||   132
Evoke: Wand              |       |       |     1 ||     1
  Use: Scroll            |       |     4 |     1 ||     5
Armor: Scale mail        |    25 |       |       ||    25
       Chain mail        |    30 |   107 |    22 ||   159
Dodge: Dodged            |    50 |    59 |    17 ||   126
Block: Buckler           |    22 |    39 |     6 ||    67
